 Dungeon Crawl Stone Soup version 0.31.0-32-g396128a36d (webtiles) character file.

Game seed: 17552519577708238793

30 Alphaeus the Changeling (level 3, -4/18 HPs)
             Began as a Spriggan Shapeshifter on Mar 19, 2024.
             Slain by a gnoll
             ... wielding a +0 flail
              (12 damage)
             ... on level 1 of the Dungeon.
             The game lasted 00:00:40 (524 turns).

Alphaeus the Changeling (Spriggan Shapeshifter)      Turns: 524, Time: 00:00:40

Health: -4/18      AC:  2    Str: 12    XL:     3   Next: 3%
Magic:  4/4        EV: 17    Int: 11    God:
Gold:   51         SH:  0    Dex: 14    Spells: 2/2 levels left

rFire   . .          .
                       - Unarmed
rCold   . . .        (no shield)
rNeg    . . .        a - +0 animal skin
rPois   .            (helmet currently unavailable)
rElec   .            (cloak currently unavailable)
rCorr   .            (gloves unavailable)
SInv    +            (boots unavailable)
Will    .....        (no amulet)
Stlth   +            (no ring)
HPRegen 0.23/turn    (no ring)
MPRegen 0.09/turn

%: no passive effects
@: beast-form, very quick
A: beast (slay +2), very small, no large weapons, unfitting armour, see
invisible, speed 3
a: Begin Untransformation


You were on level 1 of the Dungeon.
You were a hulking beast.
You visited 1 branch of the dungeon, and saw 1 of its levels.

You collected 51 gold pieces.

Inventory:

Armour
 a - a +0 animal skin (worn)
Jewellery
 e - an amulet of magic regeneration
 f - a ring of flight
Talismans
 c - a beast talisman
 d - a flux talisman
Scrolls
 h - a scroll of enchant weapon {unknown}
Potions
 b - a potion of lignification
 g - a potion of enlightenment {unknown}


   Skills:
 + Level 1.1 Fighting
 + Level 3.1 Dodging
 * Level 2.8 Unarmed Combat
 * Level 4.5 Shapeshifting


You had 2 spell levels left.
You didn't know any spells.
Your spell library was empty.

Dungeon Overview and Level Annotations

Branches:
Dungeon (1/15)

Altars:


Innate Abilities, Weirdness & Mutations

You are a hulking beast.
Your limbs bulge with bestial killing power. (Slay +2)
You are very small and have problems with some larger weapons.
You are too small for most types of armour.
You have supernaturally acute eyesight. (SInv)
You cover ground extremely quickly. (Speed+++)


Message History

You hit the giant cockroach.
The giant cockroach is heavily wounded.
The giant cockroach barely misses you. The frilled lizard misses you.
You hit the giant cockroach but do no damage.
The giant cockroach is heavily wounded.
The giant cockroach misses you. The frilled lizard barely misses you.
You punch the giant cockroach!
You kill the giant cockroach!
The frilled lizard completely misses you.
You have reached level 3!
Your experience leads to an increase in your attributes!
Increase (S)trength, (I)ntelligence, or (D)exterity?
You feel stronger. x2
The frilled lizard attacks as it pursues you!
The frilled lizard closely misses you.
You punch the frilled lizard!
You kill the frilled lizard!
The gnoll completely misses you.
You hit the gnoll but do no damage. You barely miss the gnoll.
You punch the gnoll.
The gnoll is moderately wounded.
The gnoll misses you.
You hit the gnoll.
The gnoll is moderately wounded.
The gnoll barely misses you.
You hit the gnoll.
The gnoll is heavily wounded.
The gnoll hits you with a +0 flail!
Ouch! That really hurt!
You hit the gnoll but do no damage.
The gnoll is heavily wounded.
The gnoll misses you.
You closely miss the gnoll.
The gnoll is heavily wounded.
The gnoll misses you.
You barely miss the gnoll.
The gnoll is heavily wounded.
The gnoll hits you with a +0 flail!
Ouch! That really hurt!
You die...

#.#####...# #...##.........
#.##....######....#########
#.#..........####.#
#.#.....####.### .#
#.#.......[#.†.# ..
#.#......#####.# ##
#..............#
######.##########
#.....hg...# ########.†.#
#...# #..... ######.. .. ?


You could see a gnoll.

Vanquished Creatures
  A gnoll (D:1)
  A bat (D:1)
  2 endoplasms (D:1)
  2 giant cockroaches (D:1)
  A hobgoblin (D:1)
  4 jackals (D:1)
  A quokka (D:1)
  A ball python (D:1)
  A frilled lizard (D:1)
  2 kobolds (D:1)
  3 rats (D:1)
19 creatures vanquished.

Notes
Turn   | Place    | Note
-------+----------+-------------------------------------------
     0 | D:1      | Alphaeus the Spriggan Shapeshifter began the quest for the
                  | Orb.
     0 | D:1      | Reached XP level 1. HP: 9/9 MP: 2/2
    83 | D:1      | Reached skill level 1 in Fighting
    83 | D:1      | Reached XP level 2. HP: 10/14 MP: 3/3
   511 | D:1      | Reached XP level 3. HP: 16/18 MP: 4/4
   524 | D:1      | Slain by a gnoll

Illustrated notes

Levels and vault maps discovered:
D:1:      doesnt_arrival_eight_statues, layout_basic, dreamdust_wishing_well,
          nicolae_grassy_gnolls

Skill      XL: |  1  2 |
---------------+-------+-----
Fighting       | 1 |  1.1
Dodging        | 3 |  3.1
Unarmed Combat | |  2.8
Shapeshifting  | |  4.5

Action                     || total
---------------------------++-------
  Melee: Unarmed           ||    69
         Punch             ||     1
   Stab: Sleeping          ||     1
 Armour: Animal skin       ||    13
  Dodge: Dodged            ||    50
